 Dungeon Sprint DCSS version 0.30.1-11-g7821555f0a (webtiles) character file.

Game seed: 11385182002090054118

116 jagang the Chopper (level 4, -4/45 HPs)
             Began as a Minotaur Berserker on Nov 21, 2023.
             Was a Priest of Trog.
             Slain by a deep elf pyromancer
             ... wielding a +1 long sword of holy wrath
              (9 damage)
             ... in the Dungeon (Sprint III: "The Ten Rune Challenge").
             The game lasted 00:02:11 (287 turns).

jagang the Chopper (Minotaur Berserker)              Turns: 287, Time: 00:02:11

Health: -4/45      AC:  2    Str: 24    XL:     4   Next: 70%
Magic:  3/3        EV: 13    Int:  4    God:    Trog [***...]
Gold:   29         SH:  0    Dex:  9    Spells: 3/3 levels left

rFire   + . .        a - +0 hand axe
rCold   . . .        (no shield)
rNeg    . . .        b - +0 animal skin
rPois   .            (helmet restricted)
rElec   .            (no cloak)
rCorr   .            (no gloves)
SInv    .            (no boots)
Will    .....        (no amulet)
Stlth   +            (no ring)
HPRegen 0.27/turn    (no ring)
MPRegen 0.08/turn

%: no teleportation
@: no status effects
A: horns 2, retaliatory headbutt, hooves 1, fire resistance 1
a: Renounce Religion, Berserk, Trog's Hand


You were in the Dungeon.
You worshipped Trog.
Trog was most pleased with you.
You visited 1 branch You collected 29 gold pieces.

Inventory:

Hand Weapons
 a - a +0 hand axe (weapon)
Armour
 b - a +0 animal skin (worn)
Scrolls
 h - a scroll of blinking
 j - 2 scrolls of poison {unknown}
 k - 3 scrolls of identify
Potions
 c - a potion of curing
 d - a potion of heal wounds
 e - a potion of haste
 f - 2 potions of magic
 g - a potion of berserk rage
 i - a potion of attraction {unknown}
 l - 4 potions of flight
 m - 4 potions of mutation


   Skills:
 + Level 6.6 Fighting
 * Level 7.5 Axes
 * Level 5.8 Armour
 + Level 4.6 Dodging
 - Level 0.6 Stealth


You had 3 spell levels left.
You didn't know any spells.
Your spell library was empty.

Dungeon Overview and Level Annotations

Branches:
Dungeon (1/1)

Altars:
Elyvilon
Zin
The Shining One


Innate Abilities, Weirdness & Mutations

You have a pair of horns on your head.
You reflexively headbutt those who attack you in melee.
You have large cloven feet.
Your flesh is heat resistant. (rF+)


Message History

The deep elf pyromancer is lightly wounded.
The deep elf pyromancer misses you.
You closely miss the deep elf pyromancer.
Your kick misses the deep elf pyromancer.
The deep elf pyromancer is lightly wounded.
The deep elf pyromancer gestures at you while chanting.
The bolt of fire misses you.
You barely miss the deep elf pyromancer.
Your headbutt misses the deep elf pyromancer.
The deep elf pyromancer hits you with a +1 long sword of holy wrath!
You closely miss the deep elf pyromancer.
You kick the deep elf pyromancer.
The deep elf pyromancer is lightly wounded.
The deep elf pyromancer hits you with a +1 long sword of holy wrath!
You barely miss the deep elf pyromancer.
Your kick misses the deep elf pyromancer.
The deep elf pyromancer is lightly wounded.
The deep elf pyromancer hits you with a +1 long sword of holy wrath!
You hit the deep elf pyromancer.
Your kick misses the deep elf pyromancer.
The deep elf pyromancer is moderately wounded.
You closely miss the deep elf pyromancer.
Your kick misses the deep elf pyromancer.
You headbutt the deep elf pyromancer.
The deep elf pyromancer is heavily wounded.
The deep elf pyromancer hits you with a +1 long sword of holy wrath!
* * * LOW HITPOINT WARNING * * *
You closely miss the deep elf pyromancer.
You kick the deep elf pyromancer.
The deep elf pyromancer is heavily wounded.
The deep elf pyromancer drinks a potion.
The deep elf pyromancer is healed!
You hit the deep elf pyromancer.
Your kick misses the deep elf pyromancer.
The deep elf pyromancer is heavily wounded.
The deep elf pyromancer hits you with a +1 long sword of holy wrath!
* * * LOW HITPOINT WARNING * * *
The deep elf pyromancer attacks as you move away!
The deep elf pyromancer hits you with a +1 long sword of holy wrath!
You die...

▓▓▓▓▓▓ ▓▓▓ .'...♣♣♣♣
♣.##### .#......♣
♣♣.#___# ##.....♣♣
♣..#.e.#
.#....~♣♣♣♣♣.###@#+###+#
.#...~~♣♣.♣♣.#..........
.#.†~~~~♣♣...'.⌠........
'#..~≈≈~~~♣♣.#...######+
.#.~~≈~~~....#.⌠.#
.#.~≈~~~.....#...#
.#.~~~.......#+###
##...........#
.............#


You could see a deep elf pyromancer.

Vanquished Creatures
  A water elemental (D)
  Jessica (D)
  A human (D)
  A wolf (D)
  3 rats (D)
7 creatures vanquished.

Notes
Turn   | Place    | Note
-------+----------+-------------------------------------------
     0 | D        | jagang the Minotaur Berserker began the quest for the Orb.
     0 | D        | Reached XP level 1. HP: 19/19 MP: 0/0
    11 | D        | Noticed Jessica
    19 | D        | Reached ** piety under Trog
    20 | D        | Reached skill level 4 in Axes
    22 | D        | Killed Jessica
    23 | D        | Reached skill level 5 in Fighting
    23 | D        | Reached skill level 5 in Axes
    23 | D        | Reached XP level 2. HP: 13/29 MP: 1/1
   121 | D        | Reached skill level 6 in Axes
   121 | D        | Reached XP level 3. HP: 30/37 MP: 2/2
   135 | D        | Reached *** piety under Trog
   211 | D        | Noticed a water elemental
   218 | D        | Killed a water elemental
   219 | D        | Reached skill level 7 in Axes
   219 | D        | Reached skill level 5 in Armour
   219 | D        | Reached XP level 4. HP: 45/45 MP: 3/3
   246 | D        | Gained mutation: You have large cloven feet. [potion of
                  | mutation]
   246 | D        | Gained mutation: Your movements are slightly less
                  | encumbered by armour. (ER -2) [potion of mutation]
   246 | D        | Gained mutation: You have hoof-like feet. [potion of
                  | mutation]
   247 | D        | Lost mutation: You have hoof-like feet. [potion of
                  | mutation]
   247 | D        | Lost mutation: Your movements are slightly less encumbered
                  | by armour. (ER -2) [potion of mutation]
   247 | D        | Gained mutation: Your flesh is heat resistant. (rF+)
                  | [potion of mutation]
   276 | D        | Found a glowing silver altar of Zin.
   276 | D        | Found a glowing golden altar of the Shining One.
   276 | D        | Found a white marble altar of Elyvilon.
   277 | D        | Noticed a deep elf pyromancer
   287 | D        | Slain by a deep elf pyromancer

Illustrated notes

Levels and vault maps discovered:
D:        dungeon_sprint_mu [sprint_mu_entry_forest, sprint_mu_temple_rooms,
          sprint_mu_d1_horrors, sprint_mu_d2_genie, sprint_mu_d3_branching,
          sprint_mu_orc_legion, sprint_mu_elf_gauntlet, sprint_mu_hive_nellie,
          sprint_mu_lair_fedhas, sprint_mu_vaults_butterflies,
          sprint_mu_slime_circle, sprint_mu_swamp_cave, sprint_mu_snake_twists,
          sprint_mu_blade_basic, sprint_mu_crypt_fortress,
          sprint_mu_tomb_spiral, sprint_mu_vestibule_basic,
          sprint_mu_gehenna_hellfire, sprint_mu_dis_giant,
          sprint_mu_tartarus_statrot, sprint_mu_cocytus_islands, sprint_mu_zot1]

Skill      XL: |  1  2  3 |
---------------+----------+-----
Fighting       | 5 6 |  6.6
Axes           | 5 6 7 |  7.5
Armour         | 3 5 |  5.8
Dodging        | 3 4 |  4.6
Stealth        | |  0.6

Action                     |  1- 3 |  4- 6 || total
---------------------------+-------+-------++-------
  Melee: Hand axe          |    32 |     9 ||    41
         Headbutt          |     2 |     2 ||     4
         Punch             |     1 |       ||     1
         Kick              |       |     2 ||     2
 Invoke: Berserk           |     1 |       ||     1
    Use: Potion            |       |     2 ||     2
   Stab: Sleeping          |     1 |       ||     1
 Armour: Animal skin       |     4 |       ||     4
  Dodge: Dodged            |    22 |     2 ||    24
